 Dungeon Crawl Stone Soup version 0.22.1-2-g9c5b331383 (webtiles) character file.

30 Ihlosi the Sneak (level 3, -5/20 HPs)
             Began as a Kobold Enchanter on Dec 26, 2018.
             Slain by Sigmund
             ... wielding a +0 scythe
              (12 damage)
             ... on level 2 of the Dungeon.
             The game lasted 00:04:07 (1689 turns).

Ihlosi the Sneak (Kobold Enchanter)                 Turns: 1689, Time: 00:04:08

Health: -5/20      AC:  3    Str: 10    XL:     3   Next: 37%
Magic:  6/6        EV: 21    Int: 17    God:
Gold:   62         SH:  0    Dex: 20    Spells: 3/6 levels left

rFire    . . .     SeeInvis .   a - +1 dagger
rCold    . . .     Gourm    .   (shield restricted)
rNeg     . . .     Faith    .   b - +1 robe
rPois    .         Spirit   .   (no helmet)
rElec    .         Reflect  .   (no cloak)
rCorr    .         Harm     .   (no gloves)
MR       .....                  (no boots)
Stlth    ++++......             (no amulet)
HPRegen  0.06/turn              (no ring)
MPRegen  0.10/turn              (no ring)

@: mighty, agile, berserk cooldown, flying, very slightly contaminated, slowed,
very slow
A: small, carnivore
a: no special abilities


You were on level 2 of the Dungeon.
You were full.

You visited 1 branch of the dungeon, and saw 2 of its levels.

You collected 62 gold pieces.

Inventory:

Hand Weapons
 a - a +1 dagger (weapon)
Armour
 b - a +1 robe (worn)
Potions
 f - 2 potions of haste
 h - a potion of invisibility
Comestibles
 d - 6 rations


   Skills:
 * Level 0.8 Fighting
 * Level 1.9 Short Blades
 - Level 3.0 Dodging
 * Level 4.5 Stealth
 * Level 2.3 Spellcasting
 * Level 3.2 Hexes


You had 3 spell levels left.
You knew the following spells:

 Your Spells              Type           Power        Failure   Level  Hunger
a - Corona                Hex            ##.....      4%          1    #......
b - Ensorcelled Hibernat  Hex/Ice        #.....       14%         2    ###....

Your spell library contained the following spells:

 Spells                   Type           Power        Failure   Level  Hunger
 Confuse                  Hex            ##......     16%         3    ###....
 Tukima's Dance           Hex            ##......     16%         3    ###....
 Dazzling Spray           Conj/Hex       #.....       28%         3    ###....


Dungeon Overview and Level Annotations

Branches:
Dungeon (2/15)

Altars:
Trog

Annotations:
D:2 Sigmund


Innate Abilities, Weirdness & Mutations

You are small and have problems with some larger weapons.
You are carnivorous and can eat meat at any time.


Message History

Something unseen opens the door.
You puncture the frilled lizard!
You kill the frilled lizard!
The hobgoblin shouts!
You hear a shout!
A dart slug comes into view.
A hobgoblin comes into view.
You hit the hobgoblin.
The hobgoblin is heavily wounded.
You flicker for a moment.
The hobgoblin closely misses you.
You strike the helpless hobgoblin from behind!
You impale the hobgoblin!!
You kill the hobgoblin!
The hobgoblin throws a stone.
Things that are here:
a club; a hobgoblin corpse; a frilled lizard corpse You puncture something!
You flicker back into view.
Something hits you!
Ouch! That really hurt!
You die...

### #.# ******************#.#
,,,,,,,,,,,,,,,,,,..#
******************#.# ***** #.#
*** ,,,,***#**** #.# #####**,.
,,,,,,,....########.#####...#....
,,,,>,,........)@............w...
**,,,,,.##w########g#####..)#....
,,,,,,,,**,**** *,,,,,**#...#,..#
,,,,,,,,**,,,,* *,,,,,,,......,..
,,,,,*****,,,,* *,,,,,*##...#@...
,,,,,*****,,,,***,,,,,**#####....
,,,,,,,,,,,,,,,,,,,,,,,,,,,,,,.g.
,,,,,,,,,,,,,,***************,,..
,,,********,,,* *,,,*


You could see a dart slug and a hobgoblin.

Vanquished Creatures
  A leopard gecko (D:2)
  2 bats (D:1)
  5 giant cockroaches (D:1)
  A goblin (D:1)
  8 hobgoblins
  5 frilled lizards
  4 rats
26 creatures vanquished.

Notes
Turn   | Place    | Note
-------+----------+-------------------------------------------
     0 | D:1      | Ihlosi the Kobold Enchanter began the quest for the Orb.
     0 | D:1      | Reached XP level 1. HP: 10/10 MP: 3/3
   304 | D:1      | Reached XP level 2. HP: 13/15 MP: 5/5
   309 | D:1      | Learned a level 2 spell: Ensorcelled Hibernation
  1281 | D:1      | Reached XP level 3. HP: 20/20 MP: 6/6
  1615 | D:2      | Found a bloodstained altar of Trog.
  1651 | D:2      | Noticed Sigmund
  1689 | D:2      | Slain by Sigmund

Skill      XL: |  1  2  3 |
---------------+----------+-----
Dodging        | 3 |  3.0
Fighting       | |  0.8
Short Blades   | |  1.9
Stealth        | |  4.5
Spellcasting   | |  2.3
Hexes          | |  3.2

Action                   || total
-------------------------++-------
Melee: Dagger            ||   146
  Use: Potion            ||     8
       Scroll            ||     3
 Stab: Sleeping          ||     4
       Invisible         ||     1
  Eat: Chunk             ||     8
Armor: Robe              ||    22
Dodge: Dodged            ||   124
